 Dungeon Crawl Stone Soup version 0.31.0-12-g77e489cdc1 (webtiles) character file.

Game seed: 5001844744169083712

24012 RuleofThrees the Toxicologist (level 11, -7/77 (91) HPs)
             Began as a White Draconian Alchemist on Feb 25, 2024.
             Was a Priest of Ru.
             Mangled by a wraith (8 damage)
             ... led by Josephine
             ... on level 10 of the Dungeon.
             The game lasted 00:54:32 (12481 turns).

RuleofThrees the Toxicologist (DrAl)               Turns: 12481, Time: 00:54:33

HP:   -7/77 (91)    AC:  7    Str: 11    XL:     11   Next: 76%
MP:   0/22          EV: 16    Int: 19    God:    Ru [***...]
Gold: 379           SH:  0    Dex: 19    Spells: 3/25 levels left

rFire   . . .        o - +9 war axe (distort)
rCold   + . .        (no shield)
rNeg    . . .        (body armour unavailable)
rPois   .            (helmet restricted)
rElec   .            (no cloak)
rCorr   .            (no gloves)
SInv    .            (no boots)
Will    +....        g - amulet of guardian spirit
Stlth   ++++         m - +6 ring of dexterity
HPRegen 0.32/turn    j - ring of wizardry
MPRegen 0.18/turn

%: guardian spirit, wizardry (x1)
@: mighty, exhausted, short of breath, overwhelmed with horror, hasted and
slowed, heavily drained, unable to read
A: breathe frost, AC +7, unfitting armour, cold resistance 1, cold-blooded,
cowardly, inexperienced 1, strong-willed 1, wild magic 1, inability to read
after injury 1
a: Breathe Frost, Renounce Religion, Draw Out Power


You were on level 10 of the Dungeon.
You worshipped Ru.
Ru was most pleased with you.
You visited 2 branches of the dungeon, and saw 11 of its levels.
You also visited: Bailey.

You collected 799 gold pieces.
You spent 420 gold pieces at shops.

Inventory:

Hand Weapons
 o - a +9 war axe of distortion (weapon)
Missiles
 f - a boomerang (quivered)
 A - 3 silver javelins
 E - a throwing net
Jewellery
 g - an amulet of guardian spirit (around neck)
 j - a ring of wizardry (right hand)
 m - a +6 ring of dexterity (left hand)
 x - a ring of protection from cold
 B - a +5 ring of evasion
Talismans
 a - a flux talisman
Wands
 d - a wand of polymorph (12)
 e - a wand of flame (16)
 i - a wand of mindburst (15)
 z - a wand of digging (5)
Scrolls
 h - 5 scrolls of enchant armour
 k - a scroll of noise
 p - a scroll of vulnerability
 q - 3 scrolls of teleportation
 C - a scroll of revelation
 F - a scroll of silence
 G - a scroll of brand weapon
Potions
 b - 3 potions of resistance
 c - 2 potions of lignification
 l - 6 potions of might
 n - 2 potions of haste
 r - 2 potions of cancellation
 t - 2 potions of invisibility
 u - a potion of degeneration
 v - a potion of enlightenment


   Skills:
 * Level 6.6 Fighting
 * Level 5.0 Short Blades
 - Level 2.9 Axes
 + Level 0.1(1.7) Maces & Flails
 * Level 5.2 Throwing
 * Level 6.5 Dodging
 * Level 6.3 Stealth
 * Level 7.5 Spellcasting
 * Level 6.1 Conjurations
 * Level 2.5 Hexes
 * Level 3.1 Necromancy
 * Level 1.0 Translocations
 * Level 6.0 Air Magic
 * Level 8.1 Alchemy
 * Level 5.4 Evocations
 * Level 4.4 Shapeshifting


You had 3 spell levels left.
You knew the following spells:

 Your Spells              Type           Power      Damage    Failure   Level
a - Sting                 Conj/Alch      92%        1d8       1%          1
b - Mercury Vapours       Alch/Air       46%        N/A       1%          2
c - Mephitic Cloud        Conj/Alch/Air  22%        N/A       1%          3
d - Olgreb's Toxic Radia  Alch           26%        N/A       2%          4
e - Sigil of Binding      Hex            11%        N/A       6%          3
f - Vampiric Draining     Necr           12%        2d6       5%          3
g - Blink                 Tloc           14%        N/A       6%          2
h - Vhi's Electric Charg  Tloc/Air       28%        N/A       12%         4

Your spell library contained the following spells:

 Spells                   Type           Power      Damage    Failure   Level
 Slow                     Hex            44%        N/A       2%          1
 Momentum Strike          Conj/Tloc      28%        3d8       2%          2
 Lesser Beckoning         Tloc           14%        N/A       6%          2
 Confusing Touch          Hex            11%        N/A       6%          3
 Sticky Flame             Fire/Alch      15%        2d5       11%         4
 Arcjolt                  Conj/Air       10%        1d20      12%         5
 Summon Lightning Spire   Summ/Air       12%        N/A       16%         4
 Lee's Rapid Deconstruct  Erth           2%         3d4*      75%         5
 Ozocubu's Refrigeration  Ice            2%         4d7       100%        7
 Discord                  Hex            5%         N/A       100%        8
 Maxwell's Capacitive Co  Air            10%        ∞         100%        8
 Chain Lightning          Conj/Air       10%        3d13      100%        9
 Fire Storm               Conj/Fire      6%         8d2       100%        9
 Shatter                  Erth           2%         3d6*      100%        9
 Animate Armour           Summ/Erth      Unusable   N/A       N/A         4

Dungeon Overview and Level Annotations

Branches:
Dungeon (10/15)            Temple (1/1) D:7            Lair (0/5) D:10
 Bailey (visited)
    Orc: D:9-12

Altars:
Ashenzari
Cheibriados
Dithmenos
Elyvilon
Fedhas
Gozag
Hepliaklqana
Kikubaaqudgha
Makhleb
Nemelex Xobeh
Okawaru
Qazlal
Ru
Sif Muna
Trog
Uskayaw
Vehumet
Wu Jian
Xom
Yredelemnul
Zin

Shops:
D:3 =[   D:8 =   D:9 :

Annotations:
D:4 exclusion: statue
D:10 Josephine


Innate Abilities, Weirdness & Mutations

You can breathe waves of freezing cold which knock back foes.
Your icy white scales are hard. (AC +7)
You cannot fit into any form of body armour.
Your flesh is cold resistant. (rC+)
You are cold-blooded and may be slowed by cold attacks.
Your cowardice makes you less effective in combat with threatening foes.
You are somewhat inexperienced. (-1 XL)
You are strong-willed. (Will+)
Your spells are a little harder to cast, but a little more powerful.
You occasionally lose the ability to read scrolls when taking damage.


Message History

Unknown command.
You feel very mighty all of a sudden. The wraith hits you.
You closely miss the wraith.
The wraith is lightly damaged.
You hit the wraith but do no damage.
Space warps around the wraith.
Flame seeps out of the wraith.
You barely miss the wraith.
The wraith's inner flame fades away. x2; The wraith barely misses you.
You barely miss the wraith.
The wraith is lightly damaged.
You closely miss the wraith. You hit the wraith but do no damage.
Space warps around the wraith.
The wraith hits you!
* * * LOW HITPOINT WARNING * * *
The wraith drains your vigour!
You feel yourself slow down. The wraith hits you!
* * * LOW HITPOINT WARNING * * *
The wraith hits you.
* * * LOW HITPOINT WARNING * * *
You feel threatened and lose the ability to read scrolls!
The wraith drains your vigour!
You feel as though you will be slow longer.
Unknown command.
Aiming: Dig
Press: ? - help, Shift-Dir - straight line, p - wraith A rock wall.
The rock shatters into small pieces.
The wraith is stunned by your conviction and fails to attack.
The wraith hits you but does no damage. The wraith hits you.
* * * LOW HITPOINT WARNING * * *
The wraith drains your vigour!
You feel as though you will be slow longer.
The wraith hits you.
* * * LOW HITPOINT WARNING * * *
The wraith drains your vigour!
You feel as though you will be slow longer.
You feel ready to blink again. The wraith attacks as it pursues you!
The wraith hits you!
* * * LOW HITPOINT WARNING * * *
The wraith hits you!
You die...

##§§§###..
##§§§...>.
##§§☼§.####
##§§§§☼.#
##☼§§§§§.# #
##§☼☼☼##..#
# ##W§☼§##
..# #
###WW§###
.(# ##..☼W@#
...
##§§§###.#
... ##..@##
#.# ...
##.☼### #.#
###§§## #.#
##..§## #..
###..#.##
#.#
###...##..##
#.#
≈..........#
#.#


You could see 4 wraiths.

Vanquished Creatures
  3 two-headed ogres
  Pikel (D:7)
  2 orc knights (Bailey)
  An ugly thing (D:10)
  Maggie (D:7)
  A komodo dragon (D:8)
  Jeremiah (D:6)
  2 trolls
  The ghost of GloorxVloq the Firebug, an amateur HuCA of Ignis (D:3)
  A hornet (D:8)
  Grinder (D:5)
  2 wraiths (D:10)
  A wyvern (shapeshifter) (D:8)
  4 yaks (D:9)
  2 wyverns (D:10)
  A steam dragon (D:6)
  Edmund (D:5)
  Menkaure (D:7)
  An acid dragon (D:10)
  3 water moccasins
  An ice beast (D:6)
  13 orc warriors
  2 sky beasts
  An ogre (D:5)
  A black bear (shapeshifter) (D:8)
  6 centaurs
  3 wolves (D:10)
  A kobold brigand (D:8)
  A phantom (D:6)
  A brain worm (D:4)
  2 bullfrogs (D:7)
  A scorpion (D:5)
  A gnoll sergeant (D:9)
  A wyvern skeleton (D:3)
  10 wights
  5 killer bees (D:10)
  5 howler monkeys
  4 electric eels (D:10)
  2 bombardier beetles
  7 orc priests
  5 hounds
  2 jellies
  A bullfrog skeleton (D:3)
  2 gnoll boudas
  4 sleepcaps
  Crazy Yiuf (D:3)
  4 iguanas
  Natasha (D:2)
  9 orc wizards
  Terence (D:2)
  A killer bee zombie (D:3)
  13 gnolls
  8 adders
  A river rat (D:6)
  2 white imps (D:7)
  2 ufetubi (D:7)
  4 dart slugs
  40 orcs
  2 bats (D:1)
  6 endoplasms
  2 giant cockroaches
  15 goblins
  10 hobgoblins
  2 jackals (D:2)
  10 kobolds
  4 quokkas
  5 ball pythons
  5 frilled lizards
  4 rats
265 creatures vanquished.

Vanquished Creatures (others)
  An orc priest (D:10)
1 creature vanquished.

Grand Total: 266 creatures vanquished

Notes
Turn   | Place    | Note
-------+----------+-------------------------------------------
     0 | D:1      | RuleofThrees the Draconian Alchemist began the quest for
                  | the Orb.
     0 | D:1      | Reached XP level 1. HP: 14/14 MP: 3/3
   265 | D:1      | Reached XP level 2. HP: 20/20 MP: 1/5
   272 | D:1      | Learned a level 2 spell: Mercury Vapours
   411 | D:2      | Reached XP level 3. HP: 26/27 MP: 2/6
   415 | D:2      | Learned a level 3 spell: Mephitic Cloud
  1075 | D:3      | Reached XP level 4. HP: 34/34 MP: 2/7
  1409 | D:4      | Found a radiant altar of Vehumet.
  1412 | D:4      | Noticed a frost-covered statue
  1725 | D:4      | Reached skill level 1 in Fighting
  1900 | D:4      | Reached skill level 4 in Alchemy
  1900 | D:4      | Reached XP level 5. HP: 40/40 MP: 6/9
  1949 | D:5      | Entered Level 5 of the Dungeon
  1969 | D:5      | Reached skill level 1 in Air Magic
  2105 | D:5      | Noticed Grinder
  2123 | D:5      | Paralysed by Grinder for 4 turns
  2141 | D:5      | Paralysed by Grinder for 5 turns
  2276 | D:4      | Found a shimmering altar of Xom.
  2276 | D:4      | Found a shimmering altar of Xom.
  2277 | D:4      | Found a shimmering altar of Xom.
  2277 | D:4      | Found a shimmering altar of Xom.
  2295 | D:4      | Reached XP level 6. HP: 34/48 MP: 1/11
  2348 | D:4      | Learned a level 4 spell: Olgreb's Toxic Radiance
  3013 | D:5      | Gained mutation: You are strong-willed. (Will+) [potion of
                  | mutation]
  3013 | D:5      | Gained mutation: Your spells are a little harder to cast,
                  | but a little more powerful. [potion of mutation]
  3013 | D:5      | Gained mutation: Your muscles are strong. (Str +4, Int/Dex
                  | -1) [potion of mutation]
  3016 | D:5      | Paralysed by Grinder for 3 turns
  3035 | D:5      | Killed Grinder
  3036 | D:5      | Reached skill level 1 in Axes
  3036 | D:5      | Reached skill level 5 in Alchemy
  3036 | D:5      | Your scales start taking on an icy white colour.
  3036 | D:5      | Reached XP level 7. HP: 36/55 MP: 6/13
  3036 | D:5      | Gained mutation: Your flesh is cold resistant. (rC+) [White
                  | Draconian growth]
  3373 | D:5      | Noticed Edmund
  3391 | D:5      | Killed Edmund
  3579 | D:6      | Noticed Jeremiah
  3598 | D:6      | Reached skill level 1 in Short Blades
  3600 | D:6      | Killed Jeremiah
  3601 | D:6      | Reached skill level 1 in Throwing
  3601 | D:6      | Reached skill level 1 in Evocations
  3601 | D:6      | Reached XP level 8. HP: 43/62 MP: 2/14
  4181 | D:6      | Reached skill level 5 in Spellcasting
  4495 | D:6      | Identified the +0 scale mail of Fono {+Blink rPois Int-2}
  4569 | D:6      | Reached skill level 6 in Alchemy
  4569 | D:6      | Reached XP level 9. HP: 30/70 MP: 11/16
  5226 | D:7      | Learned a level 3 spell: Sigil of Binding
  5230 | D:7      | Learned a level 3 spell: Vampiric Draining
  5254 | D:7      | Noticed Pikel
  5264 | D:7      | Killed Pikel
  5265 | D:7      | Reached skill level 1 in Shapeshifting
  5334 | D:7      | Identified the +1 robe of the Vestibule of Hell {rPois rN++
                  | Int+3 Dex+4}
  5397 | D:7      | Found a hazy altar of Hepliaklqana.
  5579 | D:7      | Noticed Menkaure
  5601 | D:7      | Killed Menkaure
  5602 | D:7      | Reached skill level 1 in Necromancy
  5674 | D:7      | Found a flagged portal.
  5689 | Bailey   | Entered a bailey
  5829 | Bailey   | Reached skill level 5 in Fighting
  5829 | Bailey   | Reached skill level 5 in Dodging
  5829 | Bailey   | Reached skill level 5 in Stealth
  5829 | Bailey   | Reached skill level 7 in Alchemy
  5829 | Bailey   | Reached XP level 10. HP: 81/81 MP: 17/19
  5830 | Bailey   | Reached skill level 5 in Conjurations
  5830 | Bailey   | Reached skill level 5 in Air Magic
  5830 | Bailey   | Reached XP level 11. HP: 89/89 MP: 17/21
  5854 | Bailey   | Noticed an orc knight
  5859 | Bailey   | Noticed an orc knight
  5874 | Bailey   | Killed an orc knight
  5875 | Bailey   | Reached XP level 12. HP: 30/96 MP: 6/22
  6175 | D:7      | Noticed Maggie
  6185 | D:7      | Killed Maggie
  6224 | D:7      | Lost mutation: Your muscles are strong. (Str +4, Int/Dex
                  | -1) [potion of mutation]
  6224 | D:7      | Lost mutation: Your spells are a little harder to cast, but
                  | a little more powerful. [potion of mutation]
  6224 | D:7      | Gained mutation: You occasionally lose the ability to read
                  | scrolls when taking damage. [potion of mutation]
  6224 | D:7      | Gained mutation: Your spells are a little harder to cast,
                  | but a little more powerful. [potion of mutation]
  6303 | D:7      | Found a staircase to the Ecumenical Temple.
  6314 | Temple   | Entered the Ecumenical Temple
  6389 | Temple   | Became a worshipper of Ru the Awakened
  6808 | D:3      | Found Som Guam's Jewellery Shoppe.
  6837 | D:3      | Bought an amulet of guardian spirit for 420 gold pieces
  6857 | D:3      | Found Xugeucug's Antique Armour Shop.
  6888 | D:3      | Found a runed translucent door.
  6889 | D:3      | Noticed Crazy Yiuf
  6897 | D:3      | Killed Crazy Yiuf
  7313 | D:3      | Found a runed translucent gate.
  7313 | D:3      | Found a runed translucent gate.
  7314 | D:3      | Found a runed translucent gate.
  7319 | D:3      | Noticed GloorxVloq's ghost (amateur HuCA)
  7327 | D:3      | Killed GloorxVloq's ghost
  7711 | D:2      | Noticed Terence
  7719 | D:2      | Killed Terence
  7743 | D:2      | Learned a level 2 spell: Blink
  8077 | D:2      | Noticed Natasha
  8082 | D:2      | Killed Natasha
  8107 | D:2      | Gained mutation: Your cowardice makes you less effective in
                  | combat with threatening foes. [Ru sacrifice]
  8107 | D:2      | Reached * piety under Ru
  8153 | D:2      | Found a faded altar of an unknown god.
  9415 | D:8      | Identified the +0 scale mail of the Stone Wall {Dex+4}
  9797 | D:8      | Noticed a two-headed ogre
  9804 | D:8      | Killed a two-headed ogre
  9851 | D:8      | Found a basalt altar of Yredelemnul.
  9939 | D:8      | Reached skill level 5 in Evocations
 10030 | D:8      | Found Durooq's Jewellery Shop.
 10239 | D:9      | Noticed a two-headed ogre
 10261 | D:9      | Killed a two-headed ogre
 10393 | D:9      | Reached skill level 8 in Alchemy
 10496 | D:9      | Learned a level 4 spell: Vhi's Electric Charge
 10533 | D:9      | Reached skill level 5 in Throwing
 10883 | D:9      | Gained mutation: You are somewhat inexperienced. (-1 XL)
                  | [Ru sacrifice]
 10883 | D:9      | Reached XP level 11. HP: 89/89 MP: 21/21
 10883 | D:9      | Reached ** piety under Ru
 10883 | D:9      | Reached *** piety under Ru
 11008 | D:9      | Found Afuef's Book Boutique.
 11122 | D:9      | Found a white marble altar of Elyvilon.
 11394 | D:10     | Entered Level 10 of the Dungeon
 11397 | D:10     | Identified the +3 trident of the Shoals {chaos, rElec
                  | Dex+3}
 11596 | D:10     | Found a staircase to the Lair.
 11817 | D:10     | Found a stormy altar of Qazlal.
 11818 | D:10     | Noticed a centaur warrior
 11819 | D:10     | Noticed a two-headed ogre
 11843 | D:10     | Noticed a two-headed ogre
 12224 | D:10     | Found a shimmering blue altar of Sif Muna.
 12297 | D:10     | Killed a two-headed ogre
 12324 | D:10     | Reached skill level 5 in Short Blades
 12329 | D:10     | Reached skill level 1 in Translocations
 12446 | D:10     | Noticed Josephine
 12481 | D:10     | HP: 1/77 [wraith[Josephine] (6)]
 12481 | D:10     | Mangled by a wraith

Illustrated notes

Levels and vault maps discovered:
D:1:      psy_arrival_fountain, layout_loops_ring, corexii_corridor_pit
D:2:      layout_basic, dilly_ecumenical_altar_fadedgnrine,
          minmay_fractal_squares_5, uniq_terence, uniq_natasha
D:3:      cheibrodos_greedy_goblins, layout_loops_corners,
          gammafunk_ghost_necromancy, serial_shops,
          nicolae_shop_tiny_waterfront, shop, uniq_crazy_yiuf_cottage
D:4:      layout_basic, vehumet_statue, xom_redecorated, st_stairs_7
D:5:      layout_rooms, uniq_edmund, uniq_grinder
D:6:      minmay_cornered_nines, layout_loops_corners, minmay_pentangle,
          uniq_jeremiah
D:7:      layout_rooms, lemuel_tele_altar, minmay_temple_entry_glassed_door,
          enter_bailey_6, uniq_pikel, uniq_menkaure, uniq_maggie
D:8:      layout_rooms, yredelemnul_altar_generic, serial_shops, shop,
          minmay_shattered_shrine
D:9:      layout_loops_corners, elyvilon_altar_3, serial_shops, shop,
          minmay_splitting_lines
D:10:     layout_cave_pods, mainiacjoe_overflow_brackets,
          mainiacjoe_overflow_tiny_flanked, erik_lair_island,
          minmay_ruined_shrine, uniq_josephine
Temple:   eino_wide_crystal_templ

Skill      XL: |  1  2  3  4  5  6  7  8  9 10 11 12 |
---------------+-------------------------------------+-----
Dodging        | 2 3 5 6 |  6.5
Stealth        | 2 3 5 6 |  6.3
Fighting       | 1 2 3 5 6 |  6.6
Alchemy        | 4 5 6 7 8 |  8.1
Spellcasting   | 3 4 5 6 7 |  7.5
Air Magic      | 1 2 3 4 5 6 |  6.0
Conjurations   | 2 3 4 5 6 |  6.1
Axes           | 1 2 |  2.9
Short Blades   | 1 2 3 4 5 |  5.0
Throwing       | 1 3 4 5 |  5.2
Evocations     | 1 2 3 4 5 |  5.4
Shapeshifting  | 2 3 4 |  4.4
Necromancy     | 2 3 |  3.1
Hexes          | 2 |  2.5
Translocations | 1 |  1.0
Maces & Flails | |  0.1

Action                     |  1- 3 |  4- 6 |  7- 9 | 10-12 || total
---------------------------+-------+-------+-------+-------++-------
  Melee: Club              |    15 |       |       |       ||    15
         Unarmed           |    11 |       |     8 |       ||    19
         Tailslap          |     1 |     9 |    14 |    17 ||    41
         Spear             |     1 |       |       |       ||     1
         Hand axe          |       |    33 |       |       ||    33
         Dagger            |       |       |   112 |       ||   112
         Punch             |       |       |     2 |     1 ||     3
         War axe           |       |       |    25 |   150 ||   175
  Throw: Boomerang         |       |       |    16 |    48 ||    64
   Cast: Sting             |    43 |    34 |     6 |     1 ||    84
         Mercury Vapours   |     7 |    18 |     6 |     3 ||    34
         Olgreb's Toxic Ra |       |     1 |    16 |    26 ||    43
         Mephitic Cloud    |       |     1 |     9 |    12 ||    22
         Vampiric Draining |       |       |     3 |       ||     3
         Vhi's Electric Ch |       |       |       |     5 ||     5
         Blink             |       |       |       |     2 ||     2
 Invoke: Draw Out Power    |       |       |       |     2 ||     2
         Sacrifice Experie |       |       |       |     1 ||     1
         Sacrifice Courage |       |       |       |     1 ||     1
Ability: Breathe Frost     |       |       |    20 |    38 ||    58
  Evoke: Wand              |       |       |    13 |    20 ||    33
    Use: Potion            |     2 |     3 |     4 |    11 ||    20
         Scroll            |     1 |     5 |    12 |    17 ||    35
   Stab: Confused          |       |       |     3 |     1 ||     4
         Sleeping          |       |       |     1 |     6 ||     7
         Invisible         |       |       |       |     1 ||     1
 Armour: Skin              |    51 |    44 |   150 |   161 ||   406
  Dodge: Dodged            |    59 |    49 |   170 |   164 ||   442
